 Dungeon Crawl Stone Soup version 0.31-a0-167-g1c394c0614 (webtiles) character file.

Game seed: 11008265335284973777

271 qw the Shooter (level 6, -7/39 HPs)
             Began as a Gargoyle Hunter on June 14, 2023.
             Mangled by an orc warrior
             ... wielding a +0 mace
              (8 damage)
             ... on level 4 of the Dungeon.
             The game lasted 00:01:05 (2793 turns).

qw the Shooter (Gargoyle Hunter)                    Turns: 2793, Time: 00:01:06

Health: -7/39      AC: 13    Str: 14    XL:     6   Next: 23%
Magic:  6/6        EV: 10    Int: 10    God:
Gold:   108        SH:  0    Dex: 15    Spells: 5/5 levels left

rFire   . . .        Y - +0 shortbow
rCold   . . .        (shield currently unavailable)
rNeg    + . .        f - +0 ring mail
rPois   inf          (no helmet)
rElec   +            p - +0 cloak
rCorr   .            g - +2 pair of gloves
SInv    .            (no boots)
Will    .....        (no amulet)
Stlth   +            (no ring)
HPRegen 0.26/turn    (no ring)
MPRegen 0.10/turn

%: no passive effects
@: no status effects
A: sickness immunity, AC +4, negative energy resistance 1, electricity
resistance, torment resistance 1, petrification resistance
a: no special abilities


You were on level 4 of the Dungeon.
You visited 1 branch of the dungeon, and saw 4 of its levels.

You collected 153 gold pieces.
You spent 45 gold pieces at shops.


Innate Abilities, Weirdness & Mutations

You are immune to sickness and miasma.
Your stone body is resilient. (AC +4)
You are immune to poison.
You resist negative energy. (rN+)
You are resistant to electric shocks. (rElec)
You are resistant to unholy torment.
You are immune to petrification.


   Skills:
 - Level 4.4 Fighting
 + Level 6.2 Ranged Weapons
 - Level 1.0 Armour
 - Level 1.5 Dodging
 - Level 1.1 Stealth


You had 5 spell levels left.
You didn't know any spells.
Your spell library was empty.

Inventory:

Hand Weapons
 Y - a +0 shortbow (weapon)
Armour
 c - a +0 pair of boots
 f - a +0 ring mail (worn)
 g - a +2 pair of gloves (worn)
 p - a +0 cloak (worn)
Jewellery
 a - a +6 ring of dexterity
Scrolls
 n - a scroll of identify
Potions
 b - a potion of ambrosia {unknown}
 d - a potion of heal wounds {unknown}
 e - a potion of curing
 h - a potion of brilliance {unknown}
 i - a potion of degeneration {unknown}
 k - a potion of attraction {unknown}
 o - a potion of berserk rage {unknown}

Dungeon Overview and Level Annotations

Branches:
Dungeon (4/15)
 Temple: D:4-7

Altars:
Zin

Shops:
D:4 [

Annotations:
D:4 Blork the orc


Message History

You shoot an arrow.
The arrow completely misses the orc warrior.
The orc warrior hits you but does no damage.
The orc closely misses you. Something hits you but does no damage.
The orc hits you but does no damage. The orc warrior completely misses you.
You shoot an arrow. The arrow hits the orc warrior.
The orc warrior is heavily wounded.
The orc closely misses you.
The orc warrior hits you with a +0 mace!
You shoot an arrow. The arrow hits the orc warrior.
The orc warrior is heavily wounded.
The howler monkey hoots and howls with incredible vigour!
The orc warrior barely misses you.
You hear some strange, mumbled words.
Something tries to affect you, but you resist.
The orc hits you but does no damage.
The howler monkey hits you but does no damage.
You shoot an arrow. The arrow hits the orc warrior.
The orc warrior is severely wounded.
The orc warrior hits you with a +0 mace!
Something hits you but does no damage. The orc hits you but does no damage.
The howler monkey closely misses you.
You shoot an arrow. The arrow hits the orc warrior.
The orc warrior is severely wounded.
The howler monkey closely misses you. Something hits you but does no damage.
The orc hits you with a +0 club. The orc warrior barely misses you.
The howler monkey hits you but does no damage.
You shoot an arrow.
The arrow hits the orc warrior but does no damage.
The orc warrior is severely wounded.
Blork the orc comes into view.
He is wielding a +0 hand axe.
The orc warrior misses you. Something hits you but does no damage.
The orc hits you with a +0 club.
The howler monkey completely misses you.
The orc hits you but does no damage.
Blork the orc gestures at you while chanting.
The puff of frost hits you but does no damage.
Something hits you but does no damage.
The orc warrior hits you with a +0 mace!
You die...

......#...+...#....#
.###.##..##...#....#
.###.##..##...#....#
.........######....# ###
.........##...#....## ..
..............o.##..# .#
..............#.##..###.#
..............#.....##..#
####.....##...#{@o.\...##.#
#.....##...#ho##.......#
.......######wo##J.##.###
........# .......)# .#
#'####### .......### .#
....$.. ## ........
.......... .....


You could see Blork the orc, an orc warrior, a worm, a howler monkey and 2 orcs.

Vanquished Creatures
  A scorpion (D:4)
  2 hounds (D:4)
  Terence (D:3)
  3 gnolls (D:4)
  2 adders
  2 worms
  3 orcs (D:3)
  5 bats
  4 endoplasms
  2 giant cockroaches
  8 goblins
  7 hobgoblins
  5 jackals
  4 quokkas
  7 ball pythons
  6 kobolds
  6 rats
68 creatures vanquished.

Notes
Turn   | Place    | Note
-------+----------+-------------------------------------------
     0 | D:1      | qw the Gargoyle Hunter began the quest for the Orb.
     0 | D:1      | Reached XP level 1. HP: 12/12 MP: 1/1
     0 | D:1      | 0 ||| qw: Version: 0.2-a-29-g1fa15c8
     0 | D:1      | 0 ||| qw: Game counter: 4968
     0 | D:1      | 0 ||| qw: Always use a shield: true
     0 | D:1      | 0 ||| qw: God list: Okawaru
     0 | D:1      | 0 ||| qw: Allow faded altars: false
     0 | D:1      | 0 ||| qw: Do Orc after D:15 true
     0 | D:1      | 0 ||| qw: Do second Lair branch before Depths: true
     0 | D:1      | 0 ||| qw: Lair rune preference: random
     0 | D:1      | 0 ||| qw: Plans: Normal, Zot:1-4, Slime:5, God:TSO, Crypt,
                  | Tomb, Abyss, Pan, Hells, Win
     0 | D:1      | 0 ||| PLANNING D:1-11
    94 | D:1      | Reached XP level 2. HP: 17/17 MP: 2/2
   359 | D:1      | Found a faded altar of an unknown god.
   512 | D:1      | 512 ||| READING 2 scrolls labelled AXOBBYT ELUCIKK.
   516 | D:1      | 516 ||| READING scroll labelled CIETHR YHERAST.
   517 | D:1      | 517 ||| READING scroll labelled DUPATW FIRAGG.
   518 | D:1      | 518 ||| DROPPING scroll of butterflies.
   645 | D:2      | Reached XP level 3. HP: 21/21 MP: 3/3
   719 | D:2      | Reached skill level 5 in Ranged Weapons
   982 | D:2      | Reached skill level 3 in Fighting
  1456 | D:2      | 1456 ||| UPGRADING to +0 ring mail.
  1466 | D:2      | 1466 ||| DROPPING +0 leather armour.
  1467 | D:2      | 1467 ||| UPGRADING to +2 pair of gloves.
  1490 | D:3      | Reached XP level 4. HP: 28/28 MP: 4/4
  1543 | D:3      | Reached skill level 1 in Armour
  1713 | D:3      | Found a glowing silver altar of Zin.
  1729 | D:3      | Noticed Terence
  1752 | D:3      | Killed Terence
  2175 | D:3      | 2175 ||| DROPPING scarf of invisibility.
  2176 | D:3      | 2176 ||| UPGRADING to +0 cloak.
  2181 | D:3      | 2181 ||| READING scroll labelled PUHAET JEOC.
  2282 | D:3      | 2282 ||| READING 2 scrolls labelled PIYRUJ JOWU.
  2283 | D:3      | 2283 ||| READING scroll labelled UROC XAAJEA.
  2284 | D:3      | 2284 ||| DRINKING 2 pink potions.
  2285 | D:3      | 2285 ||| DRINKING 3 ruby potions.
  2286 | D:3      | 2286 ||| DROPPING 2 potions of enlightenment.
  2287 | D:3      | 2287 ||| DROPPING scroll of fog.
  2335 | D:4      | Found Mubaegete's Armour Emporium.
  2343 | D:4      | 2343 ||| BUYING +0 pair of boots (45 gold).
  2343 | D:4      | Bought a +0 pair of boots for 45 gold pieces
  2343 | D:4      | 2343 ||| SHOPLISTING +1 robe of fire resistance (127 gold,
                  | have 81).
  2358 | D:4      | HP: 6/28 [frozen (3)]
  2359 | D:4      | 2359 ||| READING 2 scrolls of teleportation.
  2367 | D:4      | 2367 ||| READING scroll of teleportation.
  2383 | D:4      | HP: 4/28 [hound (5)]
  2385 | D:4      | Reached skill level 6 in Ranged Weapons
  2385 | D:4      | Reached XP level 5. HP: 5/32 MP: 5/5
  2597 | D:4      | Reached XP level 6. HP: 35/39 MP: 6/6
  2677 | D:4      | Identified the +8 whip of Bucluaw {heavy, Drain Str+2 Dex+4
                  | Stlth+}
  2766 | D:4      | Noticed an orc warrior
  2791 | D:4      | HP: 4/39 [orc warrior/+0 mace (10)]
  2793 | D:4      | Noticed Blork the orc
  2793 | D:4      | HP: 1/39 [orc/+0 club (3)]
  2793 | D:4      | Mangled by an orc warrior

Levels and vault maps discovered:
D:1:      lemuel_arrival_lava_pool, layout_rooms,
          hellmonk_ecumenical_altar_zigzags, minmay_misc_feat_iff
D:2:      layout_loops_corners, minmay_crystal_room
D:3:      layout_loops_cross, mainiacjoe_overflow_24_doors, uniq_terence
D:4:      layout_gridville, chequers_temple_overflow_minitemple, serial_shops,
          nicolae_square_shop, uniq_blork_the_orc

Skill      XL: |  1  2  3  4  5 |
---------------+----------------+-----
Ranged Weapons | 5 6 |  6.2
Fighting       | 3 4 |  4.4
Armour         | 1 |  1.0
Dodging        | |  1.5
Stealth        | |  1.1

Action                     |  1- 3 |  4- 6 || total
---------------------------+-------+-------++-------
   Fire: Shortbow          |   103 |   156 ||   259
    Use: Scroll            |     3 |     5 ||     8
         Potion            |       |     2 ||     2
 Armour: Leather armour    |    17 |       ||    17
         Ring mail         |       |    85 ||    85
  Dodge: Dodged            |    21 |    68 ||    89

Table legend:
 A = Non-vault XP
 B = Vault XP
 C = Vault XP percentage of total XP
 D = Non-vault monster count
 E = Vault monster count
 F = Vault count percentage of total count
                 A         B        C        D         E       F
            +---------+---------+-------+---------+---------+-------
      Total |     352 |      36 |   9.3 |      67 |       1 |   1.5
            +---------+---------+-------+---------+---------+-------
        D:1 |      33 |       0 |   0.0 |      20 |       0 |   0.0
        D:2 |      48 |       0 |   0.0 |      19 |       0 |   0.0
        D:3 |      43 |      36 |  45.6 |      16 |       1 |   5.9
        D:4 |     228 |       0 |   0.0 |      12 |       0 |   0.0
            +---------+---------+-------+---------+---------+-------
